 Dungeon Sprint DCSS version 0.31-a0-544-gceb718ecc6 (webtiles) character file.

Game seed: 8911702937749174901

826 zazu2006 the Nimble (level 7, -2/59 HPs)
             Began as a Gnoll Wanderer on Aug 16, 2023.
             Was a High Priest of Vehumet.
             Slain by a shadow wraith (23 damage)
             ... in the Dungeon (Sprint VII: "The Pits").
             The game lasted 00:03:54 (608 turns).

zazu2006 the Nimble (Gnoll Wanderer)                 Turns: 608, Time: 00:03:54

Health: -2/59      AC:  5    Str: 12    XL:     7   Next: 96%
Magic:  14/16      EV: 16    Int: 11    God:    Vehumet [*****.]
Gold:   0          SH:  0    Dex: 13    Spells: 12/18 levels left

rFire   . . .        q - +1 dagger (venom)
rCold   . . .        (no shield)
rNeg    . . .        f - +0 leather armour
rPois   .            (no helmet)
rElec   .            (no cloak)
rCorr   .            d - +0 pair of gloves
SInv    .            (no boots)
Will    .....        (no amulet)
Stlth   +++          (no ring)
HPRegen 0.29/turn    (no ring)
MPRegen 0.15/turn

%: no teleportation
@: no status effects
A: fangs 1, strong nose, distributed training
a: Renounce Religion


You were in the Dungeon.
You worshipped Vehumet.
Vehumet was extremely pleased with you.
You visited 1 branch

Inventory:

Hand Weapons
 k - a +2 dagger
 l - a +2 falchion
 o - a +1 long sword of holy wrath
 q - a +1 dagger of venom (weapon)
Missiles
 r - 5 poisoned darts
Armour
 d - a +0 pair of gloves (worn)
 f - a +0 leather armour (worn)
 p - a +3 scale mail
Scrolls
 j - a scroll of blinking
 m - 5 scrolls of amnesia
 n - a scroll of butterflies
Potions
 a - 2 potions of invisibility
 b - 4 potions of berserk rage
 c - 7 potions of curing
 e - a potion of lignification
 g - 5 potions of heal wounds
 h - a potion of haste
 i - 4 potions of magic


   Skills:
 + Level 6.7 Fighting
 + Level 6.1 Short Blades
 + Level 6.1 Long Blades
 + Level 6.1 Axes
 + Level 6.1 Maces & Flails
 + Level 6.1 Polearms
 + Level 6.1 Staves
 + Level 6.1 Ranged Weapons
 + Level 6.1 Throwing
 + Level 7.7 Armour
 + Level 10.5 Dodging
 + Level 6.1 Stealth
 + Level 6.1 Shields
 + Level 7.7 Unarmed Combat
 + Level 6.1 Spellcasting
 + Level 5.0 Conjurations
 + Level 5.0 Hexes
 + Level 5.0 Summonings
 + Level 5.0 Necromancy
 + Level 5.0 Translocations
 + Level 5.0 Transmutations
 + Level 5.0 Fire Magic
 + Level 5.0 Ice Magic
 + Level 5.0 Air Magic
 + Level 5.0 Earth Magic
 + Level 5.0 Poison Magic
 + Level 6.7 Invocations
 + Level 6.7 Evocations
 + Level 5.0 Shapeshifting


You had 12 spell levels left.
You knew the following spells:

 Your Spells              Type           Power      Damage    Failure   Level
a - Sandblast             Erth           28%        2d8       1%          1
b - Freezing Cloud        Conj/Ice/Air   7%         6-21      21%         5

Your spell library contained the following spells:

 Spells                   Type           Power      Damage    Failure   Level
 Starburst                Conj/Fire      7%         6d4       71%         6


Dungeon Overview and Level Annotations

Branches:
Dungeon (1/1)

Altars:
Ashenzari
Cheibriados
Dithmenos
Elyvilon
Fedhas
Gozag
Hepliaklqana
Kikubaaqudgha
Makhleb
Nemelex Xobeh
Okawaru
Qazlal
Ru
Sif Muna
Trog
Uskayaw
Vehumet
Wu Jian
Xom
Yredelemnul
Zin
The Shining One
Jiyva
Lugonu


Innate Abilities, Weirdness & Mutations

You have very sharp teeth.
Your uncanny sense of smell can sniff out nearby items.
Your experience applies equally to all skills.


Message History

The warg is engulfed in freezing vapours.
The warg closely misses you.
You closely miss the warg. You bite the warg, but do no damage.
The warg is severely wounded.
The warg is engulfed in freezing vapours.
The warg bites you but does no damage.
You hit the warg.
You kill the warg!
Vehumet accepts your kill.
You feel your power returning.
Your Short Blades skill increases to level 6!
Your Long Blades skill increases to level 6!
Your Axes skill increases to level 6!
Your Maces & Flails skill increases to level 6!
Your Polearms skill increases to level 6!
Your Staves skill increases to level 6!
Your Ranged Weapons skill increases to level 6!
Your Throwing skill increases to level 6!
Your Stealth skill increases to level 6!
Your Shields skill increases to level 6!
Your Spellcasting skill increases to level 6!
Your Conjurations skill increases to level 5!
Your Hexes skill increases to level 5!
Your Summonings skill increases to level 5!
Your Necromancy skill increases to level 5!
Your Translocations skill increases to level 5!
Your Transmutations skill increases to level 5!
Your Fire Magic skill increases to level 5!
Your Ice Magic skill increases to level 5!
Your Air Magic skill increases to level 5!
Your Earth Magic skill increases to level 5!
Your Poison Magic skill increases to level 5!
Your Shapeshifting skill increases to level 5!
Unknown command.
Something hits you.
Deactivating autopickup; reactivate with Ctrl-A.
Items here: )) [ †.
You barely miss something. You bite something. Something hits you!
Something is blocking the doorway!
Something hits you!!
You die...

#.##'####).##.......#
#.#.....#..##.......#
#.#.....#'###...<...#
#.#........##.......#
#.#........##.......#
#'###########.......#
#.......#..##########
#...#...#.##
#...#...#@# ∆∆∆∆
#.##.##.#†# ∆∆
#...#...#.'....+∆∆
#...#...#'#....#∆∆
#.......'.#....#∆∆
########### ####


There were no monsters in sight!

Vanquished Creatures
  A redback (D)
  A warg (D)
  A water moccasin (D)
  An ogre (D)
  A wolf (D)
  A kobold brigand (D)
  A wight (D)
  A small abomination (D)
  A crimson imp (D)
  A quasit (D)
  A hound (D)
  A mummy (D)
  An ufetubus (D)
  An orc (D)
  2 endoplasms (D)
  2 giant cockroaches (D)
  A goblin (D)
  3 jackals (D)
  2 quokkas (D)
  A bat (D)
25 creatures vanquished.

Notes
Turn   | Place    | Note
-------+----------+-------------------------------------------
     0 | D        | zazu2006 the Gnoll Wanderer began the quest for the Orb.
     0 | D        | zazu2006 set off with the following items: a +0 dagger, 2
                  | potions of berserk rage, 2 potions of curing, a +0 pair of
                  | gloves, a potion of lignification, a +0 leather armour, 2
                  | potions of heal wounds, a potion of haste, 2 potions of
                  | magic, a scroll of blinking.
     0 | D        | Reached XP level 1. HP: 17/17 MP: 1/1
    48 | D        | Found a bloodstained altar of Trog.
    48 | D        | Found a shimmering blue altar of Sif Muna.
    48 | D        | Found a viscous altar of Jiyva.
    48 | D        | Found a hazy altar of Hepliaklqana.
    48 | D        | Found an opulent altar of Gozag.
    49 | D        | Found a glowing golden altar of the Shining One.
    49 | D        | Found a glowing silver altar of Zin.
    49 | D        | Found a basalt altar of Yredelemnul.
    49 | D        | Found a shimmering altar of Xom.
    49 | D        | Found an ornate altar of the Wu Jian Council.
    49 | D        | Found a sacrificial altar of Ru.
    49 | D        | Found a stormy altar of Qazlal.
    49 | D        | Found an iron altar of Okawaru.
    49 | D        | Found a sparkling altar of Nemelex Xobeh.
    49 | D        | Found a burning altar of Makhleb.
    49 | D        | Found a blossoming altar of Fedhas.
    49 | D        | Found a white marble altar of Elyvilon.
    49 | D        | Found a shadowy altar of Dithmenos.
    49 | D        | Found a snail-covered altar of Cheibriados.
    50 | D        | Found a radiant altar of Vehumet.
    50 | D        | Found a corrupted altar of Lugonu.
    51 | D        | Found a hide-covered altar of Uskayaw.
    51 | D        | Found an ancient bone altar of Kikubaaqudgha.
    51 | D        | Found a broken altar of Ashenzari.
    58 | D        | Became a worshipper of Vehumet
    76 | D        | Reached skill level 1 in Short Blades
    76 | D        | Reached skill level 1 in Long Blades
    76 | D        | Reached skill level 1 in Axes
    76 | D        | Reached skill level 1 in Maces & Flails
    76 | D        | Reached skill level 1 in Polearms
    76 | D        | Reached skill level 1 in Staves
    76 | D        | Reached skill level 1 in Ranged Weapons
    76 | D        | Reached skill level 1 in Throwing
    76 | D        | Reached skill level 1 in Stealth
    76 | D        | Reached skill level 1 in Shields
    76 | D        | Reached skill level 1 in Spellcasting
    76 | D        | Reached skill level 1 in Invocations
    76 | D        | Reached XP level 2. HP: 20/23 MP: 1/3
   108 | D        | Reached * piety under Vehumet
   108 | D        | Offered knowledge of Sandblast by Vehumet.
   109 | D        | Reached skill level 1 in Conjurations
   109 | D        | Reached skill level 1 in Hexes
   109 | D        | Reached skill level 1 in Summonings
   109 | D        | Reached skill level 1 in Necromancy
   109 | D        | Reached skill level 1 in Translocations
   109 | D        | Reached skill level 1 in Transmutations
   109 | D        | Reached skill level 1 in Fire Magic
   109 | D        | Reached skill level 1 in Ice Magic
   109 | D        | Reached skill level 1 in Air Magic
   109 | D        | Reached skill level 1 in Earth Magic
   109 | D        | Reached skill level 1 in Poison Magic
   109 | D        | Reached skill level 1 in Shapeshifting
   113 | D        | Reached ** piety under Vehumet
   117 | D        | Learned a level 1 spell: Sandblast
   126 | D        | Offered knowledge of Momentum Strike by Vehumet.
   147 | D        | Reached *** piety under Vehumet
   198 | D        | Noticed a crimson imp
   203 | D        | Noticed a water moccasin
   204 | D        | Noticed an ogre
   217 | D        | Noticed a wolf
   222 | D        | Killed an ogre
   223 | D        | Reached skill level 5 in Armour
   223 | D        | Reached skill level 9 in Dodging
   223 | D        | Reached skill level 5 in Unarmed Combat
   223 | D        | Reached XP level 3. HP: 30/30 MP: 4/7
   223 | D        | Reached XP level 4. HP: 37/37 MP: 4/8
   231 | D        | Killed a water moccasin
   232 | D        | Reached XP level 5. HP: 22/43 MP: 1/11
   254 | D        | Offered knowledge of Volatile Blastmotes by Vehumet.
   255 | D        | Reached skill level 5 in Fighting
   255 | D        | Reached skill level 5 in Evocations
   255 | D        | Reached XP level 6. HP: 25/51 MP: 4/12
   341 | D        | Reached **** piety under Vehumet
   342 | D        | Reached skill level 5 in Invocations
   403 | D        | Offered knowledge of Airstrike by Vehumet.
   551 | D        | Reached skill level 5 in Short Blades
   551 | D        | Reached skill level 5 in Long Blades
   551 | D        | Reached skill level 5 in Axes
   551 | D        | Reached skill level 5 in Maces & Flails
   551 | D        | Reached skill level 5 in Polearms
   551 | D        | Reached skill level 5 in Staves
   551 | D        | Reached skill level 5 in Ranged Weapons
   551 | D        | Reached skill level 5 in Throwing
   551 | D        | Reached skill level 10 in Dodging
   551 | D        | Reached skill level 5 in Stealth
   551 | D        | Reached skill level 5 in Shields
   551 | D        | Reached skill level 5 in Spellcasting
   555 | D        | Reached XP level 7. HP: 57/57 MP: 14/14
   559 | D        | Reached ***** piety under Vehumet
   574 | D        | Offered knowledge of Freezing Cloud by Vehumet.
   589 | D        | Learned a level 5 spell: Freezing Cloud
   594 | D        | Noticed a redback
   594 | D        | Noticed a warg
   596 | D        | Killed a redback
   596 | D        | Offered knowledge of Starburst by Vehumet.
   603 | D        | Killed a warg
   604 | D        | Reached skill level 5 in Conjurations
   604 | D        | Reached skill level 5 in Hexes
   604 | D        | Reached skill level 5 in Summonings
   604 | D        | Reached skill level 5 in Necromancy
   604 | D        | Reached skill level 5 in Translocations
   604 | D        | Reached skill level 5 in Transmutations
   604 | D        | Reached skill level 5 in Fire Magic
   604 | D        | Reached skill level 5 in Ice Magic
   604 | D        | Reached skill level 5 in Air Magic
   604 | D        | Reached skill level 5 in Earth Magic
   604 | D        | Reached skill level 5 in Poison Magic
   604 | D        | Reached skill level 5 in Shapeshifting
   608 | D        | Slain by a shadow wraith

Illustrated notes

Levels and vault maps discovered:
D:        pitsprint [storerooms_1, entrance_room_1, metal_vault_1, armoury_2,
          mini_pit_1, grid_room_1, main_hall_1, silver_pit, the_coven_1,
          the_vestibule_1, steel_vault_3, golden_pit, hallway_of_sentries,
          crystal_vault_4, iron_vault_2, final_vault]

Skill      XL: |  1  2  3  4  5  6  7 |
---------------+----------------------+-----
Short Blades   | 1 3 4 5 6 |  6.1
Long Blades    | 1 3 4 5 6 |  6.1
Axes           | 1 3 4 5 6 |  6.1
Maces & Flails | 1 3 4 5 6 |  6.1
Polearms       | 1 3 4 5 6 |  6.1
Staves         | 1 3 4 5 6 |  6.1
Ranged Weapons | 1 3 4 5 6 |  6.1
Throwing       | 1 3 4 5 6 |  6.1
Stealth        | 1 3 4 5 6 |  6.1
Shields        | 1 3 4 5 6 |  6.1
Spellcasting   | 1 3 4 5 6 |  6.1
Invocations    | 1 3 4 5 6 |  6.7
Conjurations   | 2 3 4 5 |  5.0
Hexes          | 2 3 4 5 |  5.0
Summonings     | 2 3 4 5 |  5.0
Necromancy     | 2 3 4 5 |  5.0
Translocations | 2 3 4 5 |  5.0
Transmutations | 2 3 4 5 |  5.0
Fire Magic     | 2 3 4 5 |  5.0
Ice Magic      | 2 3 4 5 |  5.0
Air Magic      | 2 3 4 5 |  5.0
Earth Magic    | 2 3 4 5 |  5.0
Poison Magic   | 2 3 4 5 |  5.0
Shapeshifting  | 2 3 4 5 |  5.0
Fighting       | 4 5 6 |  6.7
Evocations     | 4 5 6 |  6.7
Armour         | 5 6 7 |  7.7
Dodging        | 9 10 | 10.5
Unarmed Combat | 5 6 7 |  7.7

Action                     |  1- 3 |  4- 6 |  7- 9 || total
---------------------------+-------+-------+-------++-------
  Melee: Dagger            |    17 |    37 |    30 ||    84
         Falchion          |    27 |       |       ||    27
         Bite              |     5 |     6 |     7 ||    18
         Punch             |     2 |     3 |       ||     5
         Long sword        |     2 |    15 |       ||    17
   Cast: Sandblast         |       |     4 |       ||     4
         Freezing Cloud    |       |       |     1 ||     1
    Use: Potion            |     1 |     1 |       ||     2
   Stab: Sleeping          |     1 |     2 |       ||     3
 Armour: Leather armour    |    15 |    23 |     3 ||    41
  Dodge: Dodged            |    43 |    48 |    16 ||   107

Table legend: (Time is in decaauts)
 A = Elapsed time spent in this place.
 B = Non-inter-level travel time spent in this place.
 C = Inter-level travel time spent in this place.
 D = Time resting spent in this place.
 E = Time spent auto-exploring this place.
 F = Levels seen in this place.
 G = Mean time per level.
                   A        B        C        D        E       F      G
               +--------+--------+--------+--------+--------+-----+--------+
         Total |    599 |    599 |      0 |    206 |     34 |   1 |  599.0 |
       Dungeon |    599 |    599 |      0 |    206 |     34 |   1 |  599.0 |
               +--------+--------+--------+--------+--------+-----+--------+

Top non-repeatable levels by time:
       D: 599 daAuts
